 Dungeon Crawl Stone Soup version 0.29-a0-1006-g0dd7720b37 (webtiles) character file.

Game seed: 17927452850149521499

10576 Mesmaeker13 the Transmogrifier (level 11, -1/56 HPs)
             Began as a Felid Transmuter on Aug 6, 2022.
             Was an Initiate of Gozag.
             Slain by a boulder beetle (38 damage)
             ... on level 3 of the Lair of Beasts.
             The game lasted 00:56:37 (26259 turns).

Mesmaeker13 the Transmogrifier (Felid Transmuter)  Turns: 26259, Time: 00:56:37

Health: -1/56      AC: 14    Str:  8    XL:     11   Next: 38%
Magic:  20/33      EV: 15    Int: 17    God:    Gozag
Gold:   2378       SH:  0    Dex: 19    Spells: 5/26 levels left
                                        Lives:  0   Deaths: 3

rFire   x . .      SeeInvis +     - Unarmed
rCold   + + +      Faith    .   (shield unavailable)
rNeg    . . .      Spirit   .   (body armour unavailable)
rPois   +          Reflect  .   (helmet unavailable)
rElec   .          Harm     .   (cloak unavailable)
rCorr   .          Rampage  .   (gloves unavailable)
Will    +....                   (boots unavailable)
Stlth   ++........              j - amulet of the acrobat
HPRegen 0.18/turn               c - ring "Rall" {MP+9 EV+4 Dex+2}
MPRegen 0.23/turn               x - +4 ring of protection

@: confusing by touch, ice-form, frozen, gold aura, very slow
A: freezing attack, amphibious, boosted hp, large, (claws 1), (fangs 3), see
invisible, (speed 1), (shaggy fur 3), (stealthy paws), no weapons or thrown
items, no armour, multi-lived
a: End Transformation, Renounce Religion, Potion Petition, Call Merchant, Bribe
Branch


You were on level 3 of the Lair of Beasts.
You worshipped Gozag.
Gozag was most pleased with you.
You were a creature of crystalline ice.
You visited 3 branches of the dungeon, and saw 15 of its levels.

You collected 3289 gold pieces.
You spent 364 gold pieces at shops.
You paid 547 gold pieces to Gozag.

Inventory:

Jewellery
 c - the ring "Rall" (left front paw) {MP+9 EV+4 Dex+2}
   (You acquired it on level 4 of the Dungeon)

   [ring of evasion]

   EV:        It affects your evasion (+4).
   Dex:       It affects your dexterity (+2).
   MP:        It affects your magic capacity (+9).
 j - an amulet of the acrobat (around neck)
 k - an amulet of magic regeneration
 s - a ring of fire
 x - a +4 ring of protection (right front paw)
Wands
 t - a wand of roots (5)
 v - a wand of flame (28)
Scrolls
 e - a scroll of summoning {unknown}
 g - 2 scrolls of immolation
 l - 2 scrolls of fear {unknown}
 m - 2 scrolls of torment
 n - a scroll of blinking
 o - 4 scrolls of amnesia
 y - a scroll of silence
Potions
 a - a potion of lignification
 b - 2 potions of magic
 d - 5 potions of attraction
 f - 3 potions of mutation
 h - 3 potions of might
 i - 6 potions of curing
 p - 4 potions of heal wounds
 r - 2 potions of flight
 u - a potion of berserk rage {unknown}
 w - a potion of invisibility
Miscellaneous
 q - a lightning rod (4/4)


   Skills:
 + Level 5.0 Fighting
 - Level 2.6 Dodging
 - Level 11.3 Unarmed Combat
 - Level 8.0 Spellcasting
 + Level 4.1 Conjurations
 - Level 6.0 Hexes
 + Level 11.2 Translocations
 + Level 12.8 Transmutations
 - Level 8.0 Ice Magic


You had 5 spell levels left.
You knew the following spells:

 Your Spells              Type           Power      Damage    Failure   Level
a - Blink                 Tloc           90%        N/A       1%          2
b - Wereblood             Tmut           50%        N/A       1%          2
c - Ice Form              Ice/Tmut       42%        N/A       1%          4
d - Confusing Touch       Hex            27%        N/A       2%          3
e - Manifold Assault      Tloc           45%        N/A       2%          5
f - Irradiate             Conj/Tmut      17%        3d17      9%          5

Your spell library contained the following spells:

 Spells                   Type           Power      Damage    Failure   Level
 Beastly Appendage        Tmut           100%       N/A       1%          1
 Slow                     Hex            100%       N/A       1%          1
 Gell's Gravitas          Tloc           45%        N/A       1%          3
 Lesser Beckoning         Tloc           45%        N/A       1%          3
 Teleport Other           Tloc           45%        N/A       1%          3
 Blade Hands              Tmut           25%        N/A       1%          5
 Spider Form              Tmut/Pois      28%        N/A       2%          3
 Static Discharge         Conj/Air       13%        3-5/arc   7%          2
 Petrify                  Tmut/Erth      28%        N/A       8%          4
 Stone Arrow              Conj/Erth      26%        3d8       14%         3
 Sublimation of Blood     Necr           6%         N/A       16%         2
 Call Canine Familiar     Summ           6%         N/A       30%         3
 Vampiric Draining        Necr           6%         2d6       30%         3
 Leda's Liquefaction      Hex/Erth       8%         N/A       30%         4
 Sticky Flame             Conj/Fire      13%        2d4       41%         4
 Dispel Undead            Necr           6%         3d8       71%         4
 Dispersal                Tloc           22%        N/A       16%         6
 Iron Shot                Conj/Erth      6%         9d2       100%        6
 Lehudib's Crystal Spear  Conj/Erth      6%         10d3      100%        8
 Portal Projectile        Hex/Tloc       Unusable   N/A       N/A         3
 Animate Armour           Summ/Erth      Unusable   N/A       N/A         4

Dungeon Overview and Level Annotations

Branches:
Dungeon (11/15)            Temple (1/1) D:5            Lair (3/5) D:11
  Swamp (0/4) Lair:3       Spider (0/4) Lair:2          Orc (0/2) D:9

Altars:
Ashenzari
Cheibriados
Dithmenos
Elyvilon
Fedhas
Gozag
Hepliaklqana
Kikubaaqudgha
Makhleb
Nemelex Xobeh
Okawaru
Qazlal
Ru
Sif Muna
Trog
Uskayaw
Vehumet
Wu Jian
Xom
Yredelemnul
Zin
The Shining One

Shops:
D:4 *   D:7 ([[*   Lair:1 :

Annotations:
D:4 1 exclusion
D:7 1 exclusion
D:9 exclusion: 2 doors
D:11 1 exclusion
Lair:1 1 exclusion, Gastronok


Innate Abilities, Weirdness & Mutations

You are a creature of crystalline ice.
You have a powerful freezing melee attack.
You are amphibious.
Your maximum health is increased.
((You have sharp claws.))
((You have razor-sharp teeth.))
You have supernaturally acute eyesight. (SInv)
((You cover ground quickly. (Speed+)))
((Your thick and shaggy fur keeps you warm. (AC +3, rC+)))
((Your paws help you pounce on unaware monsters.))
You are incapable of wielding weapons or throwing items.
You cannot wear armour.
You gain extra lives every three experience levels.


Message History

You now have 2373 gold pieces (gained 11).
You now have 2378 gold pieces (gained 5).
A cane toad and a rime drake come into view.
The rime drake hisses angrily.
Casting: Manifold Assault (dangerous; 3% risk of failure)
Confirm with . or Enter, or press ? or * to list all spells.
You turn into a creature of crystalline ice.
The cane toad croaks.
The rime drake breathes ice at you. The flash freeze hits you!
You partially resist.
You are encased in ice.
Casting: Ice Form (dangerous; 1% risk of failure)
Confirm with . or Enter, or press ? or * to list all spells.
Your front paws begin to glow red.
Casting: Confusing Touch (dangerous; 2% risk of failure)
Confirm with . or Enter, or press ? or * to list all spells.
Space momentarily warps into an impossible shape!
You hit the cane toad but do no damage.
The cane toad appears confused.
You completely miss the rime drake. The ice encasing you melts away.
The cane toad stings itself!
A boulder beetle comes into view.
The boulder beetle curls into a ball and begins rolling!
A basilisk comes into view.
You punch the rime drake!
The rime drake is moderately wounded.
The rime drake bites you.
You punch the rime drake! You freeze the rime drake.
The rime drake is severely wounded.
The rime drake breathes ice at you. The flash freeze hits you.
You partially resist.
You are encased in ice.
You punch the rime drake! You freeze the rime drake.
You kill the rime drake!
Casting: Manifold Assault (dangerous; 2% risk of failure)
Confirm with . or Enter, or press ? or * to list all spells.
Your front paws begin to glow red.
The boulder beetle hits you!!!
Ouch! That really hurt!
You die...
Your body crumbles into a pile of gold.

############# ###
#####..##.......#. #.##
#P##..............
#####.###.................
.................B.°......
...........#..P.Y#○#○.....
..........##.....###......
.#.##.....#.......# ....Bl
...##...#.....#..## ....○
.....#..#.......... .....
P.................. $ .
##................
#########.......#P. ####
....


You could see a boulder beetle (rolling).

Vanquished Creatures
  3 hydras
  2 two-headed ogres
  A tengu warrior (D:9)
  Urug (D:11)
  A deep elf pyromancer (D:9)
  2 ugly things
  2 cyclopes (D:9)
  5 black mambas
  9 cane toads
  Maggie (Lair:2)
  2 rime drakes
  6 komodo dragons
  2 kobold demonologists (D:10)
  A troll (D:9)
  2 hornets
  19 blink frogs
  Sigmund (D:6)
  A vampire (D:10)
  2 wraiths
  A wyvern (Lair:2)
  34 yaks
  A basilisk (Lair:2)
  A steam dragon (D:6)
  A redback (Lair:2)
  4 vampire mosquitoes (D:10)
  Menkaure (D:7)
  Duvessa (D:7)
  13 water moccasins
  2 orc warriors
  2 sky beasts
  3 black bears
  4 wolves (Lair:3)
  3 ogres
  9 centaurs
  4 phantoms
  4 kobold brigands
  A gnoll sergeant (D:7)
  10 bullfrogs
  6 scorpions
  6 wights (D:9)
  Dowan (D:7)
  7 killer bees
  3 jellies
  4 hounds
  Crazy Yiuf (D:7)
  3 orc priests (D:5)
  2 gnoll boudas
  4 iguanas
  4 orc wizards
  23 gnolls
  16 adders
  2 white imps
  An ufetubus (D:6)
  5 dart slugs
  A worm (D:3)
  14 orcs
  8 ball pythons
  12 endoplasms
  5 giant cockroaches
  14 goblins
  8 hobgoblins
  31 kobolds
  6 quokkas
  5 bats
  5 rats
359 creatures vanquished.

Vanquished Creatures (others)
  21 fungi
  19 plants
40 creatures vanquished.

Grand Total: 399 creatures vanquished

Notes
Turn   | Place    | Note
-------+----------+-------------------------------------------
     0 | D:1      | Mesmaeker13 the Felid Transmuter began the quest for the
                  | Orb.
     0 | D:1      | Reached XP level 1. HP: 9/9 MP: 4/4
   163 | D:1      | Reached XP level 2. HP: 7/12 MP: 4/6
   579 | D:1      | Found a faded altar of an unknown god.
  1007 | D:1      | Reached XP level 3. HP: 12/16 MP: 7/7
  1196 | D:1      | Reached skill level 3 in Transmutations
  1544 | D:1      | Learned a level 2 spell: Wereblood
  2135 | D:2      | Reached XP level 4. HP: 13/20 MP: 8/8
  2705 | D:2      | Identified the +6 quarterstaff "Lepsur" {flame, Str+6 Dex-3
                  | Stlth+}
  2999 | D:3      | Learned a level 4 spell: Ice Form
  3392 | D:3      | Found a radiant altar of Vehumet.
  3786 | D:3      | Reached XP level 5. HP: 19/23 MP: 7/9
  4392 | D:3      | Reached skill level 1 in Ice Magic
  5242 | D:4      | Found Eqeste's Lightly-Used Armoury.
  5249 | D:4      | Reached skill level 4 in Transmutations
  6119 | D:4      | Noticed an ogre
  6347 | D:4      | Gained mutation: You are covered in thick fur. (AC +2)
                  | [Felid growth]
  6347 | D:4      | Reached XP level 6. HP: 14/27 MP: 10/10
  7659 | D:5      | Entered Level 5 of the Dungeon
  7675 | D:5      | Reached skill level 5 in Unarmed Combat
  7745 | D:5      | Reached skill level 5 in Transmutations
  7749 | D:5      | Reached XP level 7. HP: 27/30 MP: 7/11
  7946 | D:5      | Found a staircase to the Ecumenical Temple.
  7959 | Temple   | Entered the Ecumenical Temple
  8088 | Temple   | Became a worshipper of Gozag Ym Sagoz the Greedy
  8770 | D:4      | Identified a scroll of acquirement
  8770 | D:4      | Acquired the ring "Rall" {MP+9 EV+4 Dex+2}
  9564 | D:4      | Found the +6 shillelagh "Devastator" {shatter}
  9624 | D:4      | Learned a level 3 spell: Confusing Touch
  9672 | D:5      | Reached skill level 1 in Hexes
  9672 | D:5      | Reached skill level 6 in Transmutations
  9893 | D:5      | Reached XP level 8. HP: 34/34 MP: 12/12
 10969 | D:6      | Reached skill level 5 in Hexes
 10969 | D:6      | Reached skill level 7 in Transmutations
 10969 | D:6      | Reached skill level 5 in Ice Magic
 11089 | D:6      | Reached XP level 9. HP: 37/37 MP: 13/13
 11095 | D:6      | Noticed Sigmund
 11297 | D:6      | Killed Sigmund
 11403 | D:7      | Found Gaemaor's Antique Armour Boutique.
 11690 | D:7      | Found Ecax's Assorted Antiques.
 12022 | D:7      | Found Haudaic's Armour Shoppe.
 12028 | D:7      | Found Golaen's Antique Weapon Boutique.
 12092 | D:7      | Noticed Menkaure
 12098 | D:7      | Killed Menkaure
 12172 | D:7      | Noticed Dowan
 12260 | D:7      | Reached skill level 8 in Transmutations
 12606 | D:7      | Found a snail-covered altar of Cheibriados.
 12756 | D:8      | Reached XP level 10. HP: 36/40 MP: 16/16
 13281 | D:7      | Noticed Duvessa
 13291 | D:7      | Killed Dowan
 13304 | D:7      | Killed Duvessa
 13306 | D:7      | Reached skill level 9 in Transmutations
 13387 | D:7      | Found a runed translucent door.
 13388 | D:7      | Noticed Crazy Yiuf
 13394 | D:7      | Killed Crazy Yiuf
 13886 | D:8      | Reached skill level 5 in Spellcasting
 14546 | D:8      | Learned a level 2 spell: Blink
 14706 | D:9      | Reached skill level 1 in Translocations
 14790 | D:9      | Noticed a cyclops
 14790 | D:9      | Noticed a cyclops
 14790 | D:9      | Noticed a red ugly thing
 14790 | D:9      | Noticed a tengu warrior
 14808 | D:9      | Noticed a deep elf pyromancer
 14808 | D:9      | Noticed a seven-headed hydra
 15245 | D:9      | Killed a red ugly thing
 15637 | D:9      | Killed a cyclops
 15638 | D:9      | Reached skill level 10 in Transmutations
 15638 | D:9      | Reached XP level 11. HP: 21/43 MP: 20/20
 16081 | D:9      | Killed a deep elf pyromancer
 16194 | D:9      | Found a staircase to the Orcish Mines.
 16197 | D:10     | Entered Level 10 of the Dungeon
 16591 | D:10     | Found a broken altar of Ashenzari.
 16889 | D:10     | Found a hazy altar of Hepliaklqana.
 16890 | D:10     | Found a shimmering altar of Xom.
 17027 | D:10     | Noticed a two-headed ogre
 17047 | D:10     | Slain by a two-headed ogre
 17048 | D:10     | Reached XP level 10. HP: -1/48 MP: 22/29
 17137 | D:9      | Killed a cyclops
 17138 | D:9      | Reached skill level 5 in Translocations
 17887 | D:9      | Killed a tengu warrior
 17888 | D:9      | Reached skill level 10 in Unarmed Combat
 18175 | D:9      | Killed a seven-headed hydra
 18499 | D:9      | Noticed an ice dragon
 18499 | D:9      | Noticed a centaur warrior
 18499 | D:9      | Noticed a harpy
 18553 | D:10     | Killed a two-headed ogre
 18554 | D:10     | Reached XP level 11. HP: 43/43 MP: 22/22
 19092 | D:11     | Found a staircase to the Lair.
 19379 | D:11     | Noticed a green ugly thing
 19400 | D:11     | Killed a green ugly thing
 19401 | D:11     | Reached skill level 11 in Transmutations
 19524 | D:11     | Noticed a two-headed ogre
 19538 | D:11     | Killed a two-headed ogre
 19866 | D:11     | Found a hide-covered altar of Uskayaw.
 19877 | D:11     | Noticed Urug
 19903 | D:11     | Killed Urug
 20192 | D:11     | Noticed a six-headed hydra
 20203 | D:11     | HP: 2/51 [six-headed hydra (5)]
 20570 | Lair:1   | Entered Level 1 of the Lair of Beasts
 20592 | Lair:1   | Learned a level 5 spell: Manifold Assault
 20647 | Lair:1   | Noticed Gastronok
 20690 | Lair:1   | Noticed a four-headed hydra
 20699 | Lair:1   | Killed a four-headed hydra
 21000 | Lair:1   | Found a dark tunnel.
 21594 | Lair:2   | Found a hole to the Spider Nest.
 22093 | Lair:2   | Noticed a four-headed hydra
 22104 | Lair:2   | Slain by a blink frog
 22105 | Lair:2   | Reached XP level 10. HP: -2/48 MP: 22/31
 22105 | Lair:2   | Noticed a cane toad
 22138 | Lair:2   | Killed a cane toad
 22602 | Lair:1   | Reached XP level 11. HP: 17/43 MP: 8/23
 22844 | Lair:1   | Bought a book of Alchemy for 364 gold pieces
 22851 | Lair:1   | Learned a level 5 spell: Irradiate
 22940 | Lair:1   | Reached skill level 1 in Conjurations
 23028 | Lair:1   | Reached skill level 12 in Transmutations
 23319 | Lair:1   | Killed a four-headed hydra
 23557 | Lair:2   | Reached skill level 10 in Translocations
 23983 | Lair:2   | Noticed Maggie
 24008 | Lair:2   | Killed Maggie
 24919 | Lair:2   | Found the +8 whip "Snakebite" {venom, curare, rPois}
 25131 | Lair:3   | Found a staircase to the Swamp.
 25147 | Lair:2   | Gained mutation: Your thick and shaggy fur keeps you warm.
                  | (AC +3, rC+) [Felid growth]
 25147 | Lair:2   | Reached XP level 12. HP: 9/50 MP: 19/25
 25742 | Lair:3   | Mangled by a komodo dragon
 25743 | Lair:3   | Reached XP level 11. HP: -8/55 MP: 11/33
 26134 | Lair:3   | Reached skill level 5 in Fighting
 26253 | Lair:3   | Noticed a boulder beetle
 26259 | Lair:3   | Slain by a boulder beetle

Illustrated notes

Levels and vault maps discovered:
D:1:      minmay_arrival_five_plusses, layout_basic,
          chequers_ecumenical_altar_grove
D:2:      layout_loops_ring
D:3:      layout_loops_corners, mainiacjoe_overflow_24_doors
D:4:      layout_loops_cross, minmay_shop_damaged,
          dilly_guarded_unrand_devastator
D:5:      layout_loops_cross, minmay_temple_entry_wispy
D:6:      layout_basic, nrook_pool_corridor, minmay_ogre_servants, uniq_sigmund
D:7:      layout_loops_ring, lemuel_coloured_pillars_altar, serial_shops,
          nicolae_shop_stone, shop, nicolae_shop_crystal, shop,
          minmay_strange_pillars, uniq_crazy_yiuf_cottage, uniq_menkaure,
          uniq_duvessa
D:8:      layout_gridville
D:9:      layout_long_grid, nicolae_rejected_hall
D:10:     layout_loops_ring, evilmike_ruin_ashenzari,
          regret_index_temple_of_mockery
D:11:     layout_stronghold, grunt_lair_entry_orc_guard_hut,
          ebering_dispersal_statue_hall, kennysheep_nub,
          nicolae_uskayaw_murder_on_the_dancefloor, uniq_urug
Temple:   minmay_crystal_spiral_temple
Lair:1:   layout_gridlike, nicolae_volcano_entry_lava_flow, minivault_26,
          dreamdust_deal_with_the_devil, serial_bayou_shore_b, uniq_gastronok
Lair:2:   minmay_guarded_unrand_snakebite, layout_loops_ring,
          spider_nest_entry_webs, uniq_maggie
Lair:3:   layout_gridlike, swamp_mist_pool

Skill      XL: |  1  2  3  4  5  6  7  8  9 10 11 |
---------------+----------------------------------+-----
Transmutations | 3 4 5 6 7 8 10 12 | 12.8
Fighting       | 2 5 |  5.0
Unarmed Combat | 4 5 6 7 8 10 11 | 11.3
Ice Magic      | 1 2 3 5 6 7 8 |  8.0
Hexes          | 1 5 6 |  6.0
Spellcasting   | 3 5 8 |  8.0
Translocations | 9 11 | 11.2
Conjurations   | 4 |  4.1
Dodging        | |  2.6

Action                   |  1- 3 |  4- 6 |  7- 9 | 10-12 || total
-------------------------+-------+-------+-------+-------++-------
Melee: Unarmed           |   106 |   188 |   214 |   799 ||  1307
       Headbutt          |    18 |    30 |    11 |       ||    59
       Bite              |     9 |    23 |     8 |     1 ||    41
       Punch             |     1 |     5 |     3 |     2 ||    11
 Cast: Beastly Appendage |    28 |    52 |    11 |       ||    91
       Wereblood         |     2 |     1 |     9 |    20 ||    32
       Ice Form          |       |     1 |    28 |    88 ||   117
       Confusing Touch   |       |       |     2 |    41 ||    43
       Manifold Assault  |       |       |       |    54 ||    54
       Blink             |       |       |       |     2 ||     2
Invok: Call Merchant     |       |       |       |     1 ||     1
 Abil: End Transformatio |       |       |     1 |       ||     1
Evoke: Wand              |       |       |       |    28 ||    28
       Lightning rod     |       |       |       |     1 ||     1
  Use: Scroll            |       |     3 |     6 |    14 ||    23
       Potion            |       |     1 |       |     5 ||     6
 Stab: Sleeping          |     1 |     1 |       |       ||     2
       Distracted        |       |       |     3 |     1 ||     4
       Confused          |       |       |     2 |    33 ||    35
Armor: Skin              |     5 |     8 |    27 |   181 ||   221
Dodge: Dodged            |    83 |   132 |   140 |   393 ||   748

Table legend: (Time is in decaauts)
 A = Elapsed time spent in this place.
 B = Non-inter-level travel time spent in this place.
 C = Inter-level travel time spent in this place.
 D = Time resting spent in this place.
 E = Time spent auto-exploring this place.
 F = Levels seen in this place.
 G = Mean time per level.
                   A        B        C        D        E       F      G
               +--------+--------+--------+--------+--------+-----+--------+
         Total |  24477 |  23356 |   1121 |   9664 |   8682 |  15 | 1631.8 |
       Dungeon |  18883 |  17926 |    957 |   7196 |   6920 |  11 | 1716.6 |
        Temple |    173 |    105 |     68 |      0 |     83 |   1 |  173.0 |
          Lair |   5419 |   5324 |     95 |   2468 |   1678 |   3 | 1806.3 |
               +--------+--------+--------+--------+--------+-----+--------+

Top non-repeatable levels by time:
  Lair:2: 3156 daAuts
     D:3: 2697 daAuts
     D:9: 2164 daAuts
     D:8: 1891 daAuts
     D:2: 1837 daAuts
     D:1: 1791 daAuts
  Lair:1: 1628 daAuts
     D:4: 1615 daAuts
     D:7: 1586 daAuts
    D:11: 1432 daAuts
     D:5: 1348 daAuts
    D:10: 1327 daAuts
     D:6: 1192 daAuts
  Lair:3: 634 daAuts
  Temple: 173 daAuts
